 Dungeon Crawl Stone Soup version 0.17.1-1-g73c8601 (webtiles) character file.

754 Grim the Jinx (level 7, 41/41 HPs)
             Began as a High Elf Enchanter on Dec 29, 2015.
             Was an Initiate of Dithmenos.
             Quit the game on level 5 of the Dungeon.
             The game lasted 00:17:40 (5789 turns).

Grim the Jinx (High Elf Enchanter)                  Turns: 5789, Time: 00:17:40

Health: 41/41      AC:  7    Str:  7    XL:     7   Next: 49%
Magic:  20/20      EV: 13    Int: 20    God:    Dithmenos [......]
Gold:   151        SH:  0    Dex: 17    Spells: 3 memorised, 4 levels left

rFire  . . .     SeeInvis .     F - +2 dagger (speed)
rCold  . . .     Clarity  .     b - +1 robe
rNeg   . . .     SustAt   .     (no shield)
rPois  .         Gourm    .     (no helmet)
rElec  .         Spirit   .     l - +1 cloak
rCorr  .         Warding  .     s - +1 pair of gloves
rMut   .         Stasis   .     (no boots)
MR     .....                    (no amulet)
Stlth  +++.......               (no ring)
                                v - ring of magical power

@: not resistant to hostile enchantments, fairly stealthy
A: no striking features
a: Renounce Religion


You were on level 5 of the Dungeon.
You worshipped Dithmenos.
Dithmenos was noncommittal.
You were not hungry.

You visited 2 branches of the dungeon, and saw 6 of its levels.

You collected 151 gold pieces.

Inventory:

Hand Weapons
 a - a +1 dagger
 F - a +2 dagger of speed (weapon)
Armour
 b - a +1 robe (worn)
 l - a +1 cloak (worn)
 s - a +1 pair of gloves (worn)
Jewellery
 v - a ring of magical power (left hand)
Wands
 B - a wand of fireball (9)
Scrolls
 f - a scroll of blinking
 g - 2 scrolls of fear
 h - 2 scrolls of fog {unknown}
 i - 3 scrolls of remove curse
 k - a scroll of teleportation {unknown}
 n - 4 scrolls of identify
 r - a scroll of recharging {unknown}
 x - a scroll of magic mapping {unknown}
 y - a scroll of enchant armour {unknown}
 E - a scroll of random uselessness {unknown}
Potions
 e - a potion of cure mutation {!q}
 j - a potion of cancellation
 o - a potion of curing
 p - 3 potions of agility
 u - a potion of brilliance {unknown}
 w - a potion of flight {unknown}
 A - 2 potions of poison {unknown}
Books
 c - a book of Maledictions

   Spells                             Type                      Level
   a - Corona                         Hexes                        1
   b - Ensorcelled Hibernation        Hexes/Ice                    2
   c - Confuse                        Hexes                        3
   d - Tukima's Dance                 Hexes                        3
   e - Dazzling Spray                 Conjuration/Hexes            3
 z - a book of Hinderance

   Spells                             Type                      Level
   a - Confusing Touch                Hexes                        2
   b - Confuse                        Hexes                        3
   c - Gell's Gravitas                Hexes/Translocation          3
   d - Petrify                        Transmutation/Earth          4
   e - Metabolic Englaciation         Hexes/Ice                    5
 C - a book of Callings

   Spells                             Type                      Level
   a - Summon Small Mammal            Summoning                    1
   b - Call Imp                       Summoning                    2
   c - Call Canine Familiar           Summoning                    3
   d - Summon Guardian Golem          Hexes/Summoning              3
   e - Summon Lightning Spire         Summoning/Air                4
   f - Summon Ice Beast               Ice/Summoning                4
Comestibles
 d - 2 bread rations
 m - a meat ration
 q - a royal jelly
 t - 2 slices of pizza
 D - a beef jerky
 G - 3 chunks of flesh


   Skills:
 - Level 2.8 Short Blades
 - Level 2.1 Dodging
 + Level 3.7 Stealth
 - Level 2.4 Spellcasting
 + Level 8.1 Hexes
 - Level 2.0 Ice Magic


You had 4 spell levels left.
You knew the following spells:

 Your Spells              Type           Power        Failure   Level  Hunger
a - Corona                Hex            #####..      1%          1    #......
b - Ensorcelled Hibernat  Hex/Ice        ###...       2%          2    ##.....
c - Confuse               Hex            #####...     1%          3    ###....


Dungeon Overview and Level Annotations

Branches:
Dungeon (5/15)             Temple (1/1) D:4

Altars:
Ashenzari
Dithmenos
Fedhas
Gozag
Makhleb
Qazlal
Ru
Trog
Xom
The Shining One


Message History

Dithmenos welcomes you!
Done exploring.
(D) Dungeon (T) Temple
Where to? (Enter - D:4, ? - help)
There is an open door here.
There is a stone staircase leading down here.
You climb downwards.
A centaur comes into view.
Found a scroll of identify, 24 gold pieces, a helmet and a club.
Found a stone staircase leading down.
There is a stone staircase leading up here.
The helpless centaur fails to defend itself.
You impale the centaur!!
The centaur is almost dead.
You hit the centaur.
You kill the centaur!
Dithmenos accepts your kill.
Things that are here:
a shortbow; 16 poisoned arrows Are you sure you want to abandon this character and quit the game? (Confirm with "yes".)

.###.[ .#...
......###....
..>..#.....#
#.......#.#
#......$..#
#.........####
#.............
#....@<.?.#
#.........#
#......$..#
#............
#.........##..
#.........# #
#.........#
#)..$.....#


There were no monsters in sight!

Vanquished Creatures
  An orc warrior (D:4)
  An ogre (D:4)
  A centaur (D:5)
  The ghost of Clownie the Sneak, an amateur OpTm (D:3)
  An orc priest (D:4)
  A hound (D:4)
  Jessica (D:3)
  2 orc wizards (D:4)
  3 worker ants (D:4)
  9 adders
  3 gnolls
  2 worms (D:3)
  2 giant geckos
  14 orcs
  5 giant cockroaches
  12 goblins
  5 hobgoblins
  9 kobolds
  2 quokkas (D:2)
  3 ball pythons
  9 bats
  A giant gecko skeleton (D:4)
  2 giant newts
  3 jackals
  10 rats
  2 butterflies (D:4)
105 creatures vanquished.

Notes
Turn   | Place    | Note
--------------------------------------------------------------
     0 | D:1      | Grim the High Elf Enchanter began the quest for the Orb.
     0 | D:1      | Reached XP level 1. HP: 11/11 MP: 4/4
   118 | D:1      | Reached XP level 2. HP: 7/17 MP: 4/6
   339 | D:1      | Learned a level 2 spell: Ensorcelled Hibernation
   853 | D:2      | Reached skill level 1 in Ice Magic
   853 | D:2      | Reached XP level 3. HP: 21/21 MP: 2/7
  1300 | D:2      | Reached XP level 4. HP: 27/27 MP: 8/8
  1345 | D:2      | Learned a level 3 spell: Confuse
  1951 | D:2      | Reached skill level 4 in Hexes
  3164 | D:3      | Reached XP level 5. HP: 31/31 MP: 4/9
  3502 | D:3      | Noticed Jessica
  3514 | D:3      | Killed Jessica
  3514 | D:3      | Reached skill level 5 in Hexes
  3988 | D:3      | Noticed Clownie's ghost (amateur OpTm)
  4006 | D:3      | Killed Clownie's ghost
  4006 | D:3      | Reached skill level 6 in Hexes
  4006 | D:3      | Reached XP level 6. HP: 19/36 MP: 10/10
  4584 | D:4      | Reached skill level 7 in Hexes
  4942 | D:4      | Reached XP level 7. HP: 41/41 MP: 11/11
  5100 | D:4      | Found a staircase to the Ecumenical Temple.
  5182 | Temple   | Entered the Ecumenical Temple
  5596 | D:4      | Found a shadowy altar of Dithmenos.
  5605 | D:4      | Reached skill level 8 in Hexes
  5756 | D:4      | Found a glowing golden altar of the Shining One.
  5767 | D:4      | Became a worshipper of Dithmenos the Shadowed
  5785 | D:5      | Entered Level 5 of the Dungeon
  5789 | D:5      | Quit the game

Action                   |  1- 3 |  4- 6 |  7- 9 || total
-------------------------+-------+-------+-------++-------
Melee: Dagger            |    71 |   173 |    70 ||   314
 Cast: Corona            |     8 |     1 |       ||     9
       Ensorcelled Hiber |     9 |    41 |     2 ||    52
       Confuse           |       |    18 |     2 ||    20
  Use: Scroll            |       |     8 |       ||     8
       Potion            |       |     1 |       ||     1
 Stab: Sleeping          |    18 |    40 |     3 ||    61
       Confused          |       |     9 |     2 ||    11
       Distracted        |       |     1 |       ||     1
  Eat: Chunk             |     2 |    11 |     2 ||    15
       Bread ration      |       |     1 |       ||     1
       Meat ration       |       |       |     1 ||     1
